 Dungeon Crawl Stone Soup version 0.15-a0-1293-g4a08026 (webtiles) character file.

2240 Infinimo the Grappler (level 9, 0/61 HPs)
             Began as a Demonspawn Gladiator on June 6, 2014.
             Slain by an orc warrior
             ... wielding a +0,+0 trident
              (8 damage)
             ... on Level 6 of the Dungeon.
             The game lasted 00:10:18 (7136 turns).

Infinimo the Grappler (Demonspawn Gladiator)        Turns: 7136, Time: 00:10:18

HP   0/61        AC 14     Str 16      XL: 9   Next: 14%
MP   9/9         EV 10     Int 11      God:
Gold 303         SH  0     Dex 15      Spells:  0 memorised,  8 levels left

rFire  . . .     SeeInvis .       - Unarmed
rCold  . . .     Clarity  .     j - +2 scale mail
rNeg   . . .     rCorr    .     (no shield)
rPois  +         rRot     .     n - +0 helmet
rElec  .         Spirit   .     E - +1 cloak
SustAb .         Warding  .     (gloves unavailable)
rMut   .         Stasis   .     p - +0 pair of boots
Gourm  .                        e - cursed amulet of faith
MR     .....                    (no ring)
                                h - ring of wizardry

@: not resistant to hostile enchantments, very unstealthy
A: claws 3, repulsion field 1, demonic guardian 1, nightstalker 1, poison
resistance
a: no special abilities


You were on level 6 of the Dungeon.
You were not hungry.

You visited 1 branch of the dungeon, and saw 6 of its levels.

You collected 303 gold pieces.

Inventory:

Hand weapons
 a - a +1,+0 war axe
Missiles
 d - 4 throwing nets (quivered)
Armour
 j - a +2 scale mail (worn)
 n - a +0 helmet (worn)
 p - a +0 pair of boots (worn)
 E - a +1 cloak (worn)
Magical devices
 y - a wand of polymorph (13) {unknown}
 D - a wand of digging (6) {unknown}
Comestibles
 f - 5 bread rations
 g - 3 meat rations
 i - a royal jelly
 l - 4 fruits
 t - 2 beef jerkies
 w - a slice of pizza
Scrolls
 c - 3 scrolls of remove curse
 q - 5 scrolls of identify
 s - a scroll of blinking {unknown}
 u - 2 scrolls of teleportation
 v - 2 scrolls of fear
 x - a scroll of enchant weapon I
 z - 2 scrolls of random uselessness {unknown}
 A - 3 scrolls of amnesia {unknown}
 F - a scroll of recharging {unknown}
Jewellery
 e - a cursed amulet of faith (around neck)
 h - a ring of wizardry (left claw)
 k - an uncursed ring of fire {unknown}
Potions
 b - 2 potions of flight {unknown}
 m - 2 potions of might
 o - a potion of heal wounds {unknown}
 r - a potion of curing
 C - a potion of invisibility {unknown}


   Skills:
 - Level 2.0 Fighting
 - Level 4.7 Axes
 - Level 1.7 Throwing
 + Level 6.1 Armour
 - Level 2.6 Dodging
 * Level 8.2 Unarmed Combat


You had 8 spell levels left.
You didn't know any spells.

Dungeon Overview and Level Annotations

Branches:
Dungeon (6/15)             Temple (0/1) D:6

Altars:
Cheibriados
Dithmenos
Gozag
Nemelex Xobeh
Trog
Yredelemnul
The Shining One


Innate Abilities, Weirdness & Mutations

You have claws for hands.
You are surrounded by a mild repulsion field (EV +2).
A weak demonic guardian rushes to your aid.
You are slightly more attuned to the shadows.
Your system is resistant to poisons.


Message History

The orc hits you with a short sword.
You claw the orc warrior!
The orc warrior begins to bleed from its wounds!
The orc warrior is severely wounded.
The orc warrior is severely wounded.
You scratch the orc warrior.
The orc warrior is almost dead.
The orc warrior is almost dead.
The orc warrior hits you with a trident!!
* * * LOW HITPOINT WARNING * * *
The orc warrior is almost dead.
The orc warrior is almost dead.
The orc warrior hits you with a trident!
* * * LOW HITPOINT WARNING * * *
An orc comes into view. It is wielding a mace.
Drink which item? (? for menu, Esc to quit)
You feel better. The orc hits you with a mace.
* * * LOW HITPOINT WARNING * * *
The orc warrior hits you with a trident!
You die...

#.####..####.#
#............#
####.#..####.#########
#.#...............#
#...........#####.#
#(.#.####.#.# #.#
#..#.# #.#.# #.# #..#.#
#.#.# #.#
...##o@#.####.#.#####.#
.#
#....oo....≈≈≈........
.#
#######...≈§§≈≈..#####
.# #..≈§≈≈≈≈≈.# .#
####).§§§>≈§§.## .#
#.....≈§≈≈≈§≈..# .#
#......)≈§§≈.#.# .#
#..(....≈§≈..#.# .#
#.(...###..#...####


You could see an orc warrior (bleeding) and 2 orcs.

Vanquished Creatures
  Grinder (D:6)
  A hippogriff (D:5)
  Eustachio (D:6)
  Menkaure (D:4)
  A sky beast (D:5)
  2 centaurs (D:5)
  3 ogres
  A big kobold (D:5)
  4 jellies (D:5)
  A quasit (D:5)
  A gnoll shaman (D:4)
  2 iguanas (D:5)
  An orc wizard (D:5)
  Natasha (D:6)
  8 worker ants
  A big kobold zombie (D:5)
  Ijyb (D:4)
  An ogre skeleton (D:4)
  A hound skeleton (D:5)
  Terence (D:3)
  12 gnolls
  2 orc skeletons (D:5)
  7 adders
  4 giant geckos
  2 oozes
  10 orcs
  18 bats
  5 giant cockroaches
  13 goblins
  12 hobgoblins
  3 jackals
  5 quokkas
  3 ball pythons (D:1)
  3 giant newts
  A jackal zombie (D:2)
  33 kobolds
  9 rats
  A rat skeleton (D:6)
  A spectral orc (D:4)
178 creatures vanquished.

Vanquished Creatures (collateral kills)
  An ice beast (D:5)
  Sigmund (D:3)
  An orc wizard (D:6)
  A gnoll (D:4)
  An orc (D:6)
  A jackal (D:6)
6 creatures vanquished.

Vanquished Creatures (others)
  3 crimson imps
  An iron imp (D:6)
  4 quasits
  4 white imps
  7 ufetubi
19 creatures vanquished.

Grand Total: 203 creatures vanquished

Notes
Turn   | Place    | Note
--------------------------------------------------------------
     0 | D:1      | Infinimo, the Demonspawn Gladiator, began the quest for the Orb.
     0 | D:1      | Reached XP level 1. HP: 16/16 MP: 1/1
   229 | D:1      | Reached skill level 3 in Axes
   231 | D:1      | Gained mutation: You have sharp fingernails. [demonic ancestry]
   231 | D:1      | Reached XP level 2. HP: 22/22 MP: 2/2
   949 | D:2      | Reached XP level 3. HP: 17/27 MP: 3/3
  1057 | D:2      | Reached skill level 1 in Armour
  1096 | D:2      | Paralysed by a potion of paralysis for 4 turns
  1103 | D:2      | Gained mutation: Your system is resistant to poisons. [potion of mutation]
  1103 | D:2      | Gained mutation: You are agile. (Dex +2) [potion of mutation]
  1103 | D:2      | Lost mutation: You are agile. (Dex +2) [potion of mutation]
  1356 | D:2      | Found a glowing golden altar of the Shining One.
  1357 | D:2      | Found a snail-covered altar of Cheibriados.
  1357 | D:2      | Found a sparkling altar of Nemelex Xobeh.
  1547 | D:2      | Reached skill level 4 in Axes
  1547 | D:2      | Gained mutation: A weak demonic guardian rushes to your aid. [demonic ancestry]
  1547 | D:2      | Reached XP level 4. HP: 13/33 MP: 4/4
  2024 | D:3      | Noticed Sigmund
  2032 | D:3      | Killed Sigmund
  2032 | D:3      | Gained mutation: You have very sharp fingernails. [demonic ancestry]
  2032 | D:3      | Reached XP level 5. HP: 26/38 MP: 5/5
  2173 | D:3      | Noticed Terence
  2187 | D:3      | Killed Terence
  2484 | D:4      | Reached skill level 1 in Unarmed Combat
  2487 | D:4      | Noticed Menkaure
  2494 | D:4      | Killed Menkaure
  2658 | D:4      | Gained mutation: You are slightly more attuned to the shadows. [demonic ancestry]
  2658 | D:4      | Reached XP level 6. HP: 26/44 MP: 6/6
  3017 | D:4      | Noticed an ogre
  3034 | D:4      | Killed an ogre
  3297 | D:4      | Gained mutation: You have claws for hands. [demonic ancestry]
  3297 | D:4      | Reached XP level 7. HP: 38/50 MP: 7/7
  3755 | D:4      | Noticed Ijyb
  3761 | D:4      | Killed Ijyb
  3763 | D:4      | Noticed an ogre
  3776 | D:4      | Killed an ogre
  4037 | D:4      | Found a basalt altar of Yredelemnul.
  4171 | D:5      | Entered Level 5 of the Dungeon
  4457 | D:5      | Reached skill level 5 in Unarmed Combat
  4980 | D:5      | Gained mutation: You are surrounded by a mild repulsion field (EV +2). [demonic ancestry]
  4980 | D:5      | Reached XP level 8. HP: 43/56 MP: 8/8
  5054 | D:5      | Found an opulent altar of Gozag.
  5087 | D:5      | Found a bloodstained altar of Trog.
  5357 | D:5      | Reached skill level 6 in Unarmed Combat
  5432 | D:5      | Reached skill level 5 in Armour
  5899 | D:5      | Reached skill level 7 in Unarmed Combat
  6021 | D:5      | Found a shadowy altar of Dithmenos.
  6573 | D:6      | Noticed Grinder
  6585 | D:6      | Paralysed by Grinder for 4 turns
  6590 | D:6      | Killed Grinder
  6590 | D:6      | Reached XP level 9. HP: 42/61 MP: 9/9
  6682 | D:6      | Reached skill level 8 in Unarmed Combat
  6724 | D:6      | Found a staircase to the Ecumenical Temple.
  6737 | D:6      | Noticed Eustachio
  6750 | D:6      | Killed Eustachio
  7003 | D:6      | Noticed Natasha
  7012 | D:6      | Killed Natasha
  7135 | D:6      | HP: 2/61 [orc warrior/trident (13)]
  7136 | D:6      | Slain by an orc warrior

Action                   |  1- 3 |  4- 6 |  7- 9 || total
-------------------------+-------+-------+-------++-------
Melee: War axe           |   117 |   152 |    29 ||   298
       Unarmed           |       |       |   362 ||   362
  Use: Scroll            |     3 |     4 |     1 ||     8
       Potion            |     6 |       |     1 ||     7
